[Event "22nd ETCC Women 2019"]
[Site "Batumi"]
[Date "2019.10.30"]
[Round "6.3"]
[White "Mammadova, Gulnar"]
[Black "Girya, Olga"]
[Result "1/2-1/2"]
[ECO "B12"]
[WhiteElo "2369"]
[BlackElo "2476"]
[Annotator "ChessBase"]
[PlyCount "171"]
[EventDate "2019.10.24"]
[EventType "team-tourn"]
[EventCountry "GEO"]
[SourceTitle "playchess.com"]
[Source "ChessBase"]
[SourceQuality "1"]
[WhiteTeam "Azerbaijan"]
[BlackTeam "Russia"]
[WhiteTeamCountry "AZE"]
[BlackTeamCountry "RUS"]
[TimeControl "40/5400+30:1800+30"]

1. e4 c6 2. d4 d5 3. e5 Bf5 4. Nd2 e6 5. Nb3 Nd7 6. Nf3 c5 7. dxc5 a6 8. Be2 Bxc5 9. Nxc5 Nxc5 10. Nd4 Ne7 11. O-O O-O 12. c3 Qc7 13. f4 b5 14. Be3 Be4 15. Rc1 Rfc8 16. Qd2 Qd7 17. b4 Na4 18. Nb3 Nf5 19. Nc5 Qa7 20. Bf2 Nxc5 21. bxc5 Qc7 22. Bd3 Qa5 23. g4 Ne7 24. Bxe4 dxe4 25. Rfe1 Rd8 26. Qc2 Rd5 27. Rxe4 Nc6 28. Ree1 Rad8 29. Rcd1 g5 30. Rxd5 Rxd5 31. fxg5 Nxe5 32. Rd1 Qd8 33. Rxd5 Qxd5 34. Bd4 Nf3+ 35. Kf2 Nxg5 36. h4 Qf3+ 37. Ke1 Qh1+ 38. Kd2 Qxh4 39. Qd1 e5 40. Be3 Ne4+ 41. Kc2 Qh2+ 42. Kb3 Qh3 43. Qe2 Qh1 44. Kb2 Nf6 45. Bg5 Nd7 46. Qd2 Qc6 47. Be7 f6 48. g5 f5 49. Bd6 Nxc5 50. Bxe5 Na4+ 51. Kc1 Qh1+ 52. Qd1 Qxd1+ 53. Kxd1 Kf7 54. Kd2 Ke6 55. Bd4 Kd5 56. Ke3 Nb2 57. Kf4 Ke6 58. Kg3 Nd3 59. Kh4 Nf4 60. Ba7 Kf7 61. Bb8 Ne2 62. Kh5 Nxc3 63. Kh6 Kg8 64. g6 hxg6 65. Kxg6 Nxa2 66. Kxf5 Kf7 67. Ke5 b4 68. Kd5 b3 69. Be5 a5 70. Kc4 a4 71. Bb2 Ke6 72. Kb5 Kd5 73. Kxa4 Kc4 74. Bf6 Nc3+ 75. Ka3 Nd5 76. Bg7 Nf4 77. Kb2 Ne6 78. Bf6 Nc5 79. Ka3 Kd3 80. Kb2 Kc4 81. Ka3 Nd3 82. Bg7 Nf2 83. Bf6 Nd1 84. Bg7 b2 85. Bxb2 Nxb2 86. Kxb2 1/2-1/2

[Event "22nd ETCC Women 2019"]
[Site "Batumi"]
[Date "2019.10.30"]
[Round "6.4"]
[White "Gunina, Valentina"]
[Black "Mamedjarova, Turkan"]
[Result "1/2-1/2"]
[ECO "C84"]
[WhiteElo "2509"]
[BlackElo "2314"]
[Annotator "ChessBase"]
[PlyCount "89"]
[EventDate "2019.10.24"]
[EventType "team-tourn"]
[EventCountry "GEO"]
[SourceTitle "playchess.com"]
[Source "ChessBase"]
[SourceQuality "1"]
[WhiteTeam "Russia"]
[BlackTeam "Azerbaijan"]
[WhiteTeamCountry "RUS"]
[BlackTeamCountry "AZE"]
[TimeControl "40/5400+30:1800+30"]

1. e4 e5 2. Nf3 Nc6 3. Bb5 a6 4. Ba4 Nf6 5. O-O Be7 6. d3 b5 7. Bb3 d6 8. a4 b4 9. a5 O-O 10. h3 Be6 11. Nbd2 Bxb3 12. Nxb3 d5 13. Qe2 Re8 14. Bg5 h6 15. Bxf6 Bxf6 16. Nh2 Be7 17. Qf3 dxe4 18. dxe4 Nd4 19. Nxd4 Qxd4 20. b3 Red8 21. Ng4 Bg5 22. Rad1 Qc5 23. Rd5 Rxd5 24. exd5 Re8 25. Qe4 Qxa5 26. Nxe5 Qb6 27. Qf5 Qf6 28. Qxf6 Bxf6 29. Nd3 a5 30. Rd1 Re2 31. Ne1 Bd4 32. Rxd4 Rxe1+ 33. Kh2 Re5 34. f4 Re2 35. Rc4 Rd2 36. Rc5 Kf8 37. Kg3 Ke8 38. Kf3 Kd7 39. g3 Kd6 40. Rc6+ Kd7 41. Rc5 Kd6 42. Rc6+ Kd7 43. Rc5 Kd6 44. Rc6+ Kd7 45. Rc5 1/2-1/2

[Event "22nd ETCC Women 2019"]
[Site "Batumi"]
[Date "2019.10.30"]
[Round "6.4"]
[White "Cibickova, Zuzana"]
[Black "Muetsch, Annmarie"]
[Result "0-1"]
[ECO "B48"]
[WhiteElo "2258"]
[BlackElo "2266"]
[Annotator "NA"]
[PlyCount "116"]
[EventDate "2019.10.24"]
[EventType "team-tourn"]
[EventCountry "GEO"]
[SourceTitle "playchess.com"]
[Source "ChessBase"]
[SourceQuality "1"]
[WhiteTeam "Slovakia"]
[BlackTeam "Germany"]
[WhiteTeamCountry "SVK"]
[BlackTeamCountry "GER"]
[TimeControl "40/5400+30:1800+30"]

1. e4 c5 2. Nf3 e6 3. d4 cxd4 4. Nxd4 Nc6 5. Nc3 Qc7 6. Be3 a6 7. Qf3 Bd6 8. O-O-O Be5 9. g3 Nge7 10. Qe2 b5 11. Qd2 Bb7 12. f4 Bxd4 13. Bxd4 Nxd4 14. Qxd4 f6 15. Bxb5 axb5 16. Nxb5 Qc6 17. Nd6+ Kf8 18. Nxb7 Qxb7 19. Qxd7 Qxd7 20. Rxd7 Rxa2 21. Rd8+ Kf7 22. Rxh8 Ra1+ 23. Kd2 Rxh1 24. Rxh7 Kg8 25. Rh5 g6 26. Rh3 f5 27. exf5 exf5 28. Kd3 Rd1+ 29. Kc4 Rd2 30. Kc3 Rg2 31. b3 Kg7 32. Kd3 Nd5 33. c4 Nf6 34. Kc3 Ne4+ 35. Kb4 Rc2 36. Rh4 Nf2 37. Kb5 Nd3 38. Ka5 Rc3 39. Ka4 Nc1 40. g4 Rxb3 41. gxf5 gxf5 42. c5 Rb8 43. Rh3 Ne2 44. Re3 Nd4 45. Rd3 Ne6 46. Rd7+ Kf6 47. Rd6 Ke7 48. Rd5 Rf8 49. c6 Nxf4 50. Rd1 Ne6 51. Kb5 f4 52. Kb6 f3 53. Rf1 f2 54. h4 Rf5 55. c7 Kd7 56. c8=Q+ Kxc8 57. Kc6 Ng7 58. Kd6 Kd8 0-1

[Event "22nd ETCC Women 2019"]
[Site "Batumi"]
[Date "2019.10.30"]
[Round "6.5"]
[White "Eric, Jovana"]
[Black "Dzagnidze, Nana"]
[Result "0-1"]
[ECO "B40"]
[WhiteElo "2285"]
[BlackElo "2502"]
[Annotator "ChessBase"]
[PlyCount "172"]
[EventDate "2019.10.24"]
[EventType "team-tourn"]
[EventCountry "GEO"]
[SourceTitle "playchess.com"]
[Source "ChessBase"]
[SourceQuality "1"]
[WhiteTeam "Serbia"]
[BlackTeam "Georgia"]
[WhiteTeamCountry "SRB"]
[BlackTeamCountry "GEO"]
[TimeControl "40/5400+30:1800+30"]

1. e4 c5 2. Nf3 e6 3. g3 Nc6 4. Bg2 Nf6 5. Qe2 Be7 6. O-O O-O 7. c3 b6 8. d4 cxd4 9. Nxd4 Bb7 10. Rd1 Rc8 11. Nxc6 Bxc6 12. c4 Qc7 13. Nc3 d6 14. b3 a6 15. Bb2 Rfe8 16. Rac1 Qb8 17. a4 Nd7 18. Ba1 Nc5 19. Rb1 Bf6 20. f4 Red8 21. h4 a5 22. h5 h6 23. Kh2 Qb7 24. Re1 Qa8 25. Qe3 Re8 26. Nb5 Bxa1 27. Rxa1 Bxb5 28. axb5 Qb8 29. Qc3 Qc7 30. Red1 Qe7 31. Ra2 Red8 32. Rad2 Rd7 33. Kg1 Rcd8 34. b4 axb4 35. Qxb4 e5 36. Qb1 exf4 37. gxf4 Qh4 38. f5 Qxh5 39. e5 dxe5 40. Rxd7 Rxd7 41. Rxd7 Nxd7 42. Qd3 Nc5 43. Qd8+ Kh7 44. Qxb6 Qd1+ 45. Kh2 Qd4 46. Qc7 Nd3 47. Qxf7 Qh4+ 48. Kg1 Qf2+ 49. Kh2 Nf4 50. Qb7 Ne2 51. Qe4 Qg3+ 52. Kh1 Qe1+ 53. Kh2 Qg1+ 54. Kh3 Nf4+ 55. Kg3 Nh5+ 56. Kf3 Qd1+ 57. Qe2 Qd4 58. Qe3 Qxc4 59. b6 Nf6 60. Qxe5 Qc6+ 61. Kg3 Qxb6 62. Bf3 Qg1+ 63. Bg2 Qc1 64. Bf3 Qd2 65. Qe6 Qg5+ 66. Kf2 Qf4 67. Ke2 h5 68. Bc6 Kh6 69. Qc8 Kg5 70. Qb7 Kxf5 71. Bf3 Kg6 72. Qb1+ Kh6 73. Qb6 Qe5+ 74. Kf2 g6 75. Qd8 Qf4 76. Qf8+ Kg5 77. Qe7 Qd4+ 78. Kg2 Kf5 79. Qe2 Nd5 80. Qc2+ Kg5 81. Kh1 Ne3 82. Qe2 Qh4+ 83. Kg1 Qg3+ 84. Kh1 Kf4 85. Bc6 Qh3+ 86. Kg1 Qg4+ 0-1

[Event "22nd ETCC Women 2019"]
[Site "Batumi"]
[Date "2019.10.30"]
[Round "6.5"]
[White "Koridze, Lile"]
[Black "Haast, Anne"]
[Result "0-1"]
[ECO "A86"]
[WhiteElo "1988"]
[BlackElo "2288"]
[Annotator "NA"]
[PlyCount "86"]
[EventDate "2019.10.24"]
[EventType "team-tourn"]
[EventCountry "GEO"]
[SourceTitle "playchess.com"]
[Source "ChessBase"]
[SourceQuality "1"]
[WhiteTeam "Georgia"]
[BlackTeam "Netherlands"]
[WhiteTeamCountry "GEO"]
[BlackTeamCountry "NED"]
[TimeControl "40/5400+30:1800+30"]

1. d4 f5 2. c4 Nf6 3. g3 g6 4. Bg2 Bg7 5. Nh3 O-O 6. O-O d6 7. Nc3 e5 8. dxe5 dxe5 9. Qxd8 Rxd8 10. Nd5 Nxd5 11. Bxd5+ Kf8 12. Bg5 Re8 13. Bd2 a5 14. Rfd1 c6 15. Bg2 Be6 16. Rac1 h6 17. b3 Nd7 18. Bc3 Nc5 19. Bb2 Kf7 20. f3 a4 21. b4 a3 22. Ba1 Na6 23. b5 Nb4 24. Rd2 cxb5 25. Bc3 Ra4 26. Rb1 Nxa2 27. Rxa2 Bxc4 28. Rd2 Re7 29. e4 Rc7 30. Nf2 Be6 31. Nd1 b4 32. Rxb4 Rxb4 33. Bxb4 a2 34. Rxa2 Bxa2 35. Nc3 Bc4 36. Nd5 Bxd5 37. exd5 Bf8 38. Bd2 Rc5 39. Bf1 b5 40. d6 Rd5 41. Bb4 Ke6 42. Kf2 Bxd6 43. Bxd6 Kxd6 0-1

[Event "22nd ETCC Women 2019"]
[Site "Batumi"]
[Date "2019.10.30"]
[Round "6.6"]
[White "Khotenashvili, Bela"]
[Black "Injac, Teodora"]
[Result "1-0"]
[ECO "D45"]
[WhiteElo "2446"]
[BlackElo "2257"]
[Annotator "NA"]
[PlyCount "165"]
[EventDate "2019.10.24"]
[EventType "team-tourn"]
[EventCountry "GEO"]
[SourceTitle "playchess.com"]
[Source "ChessBase"]
[SourceQuality "1"]
[WhiteTeam "Georgia"]
[BlackTeam "Serbia"]
[WhiteTeamCountry "GEO"]
[BlackTeamCountry "SRB"]
[TimeControl "40/5400+30:1800+30"]

1. d4 Nf6 2. c4 e6 3. Nf3 d5 4. Nc3 c6 5. e3 Nbd7 6. b3 Bd6 7. Bb2 O-O 8. Be2 Ne4 9. Qc2 f5 10. O-O Qe7 11. Rad1 Qf6 12. c5 Bc7 13. b4 g5 14. b5 g4 15. Nxe4 fxe4 16. Ne5 Nxe5 17. dxe5 Qg5 18. bxc6 bxc6 19. Bd4 Bd7 20. Rb1 Rab8 21. Rxb8 Rxb8 22. Rb1 h5 23. Rxb8+ Bxb8 24. Qb2 Qd8 25. g3 Bc7 26. Qb7 Qb8 27. Qxb8+ Bxb8 28. h3 gxh3 29. Bxh5 Bc8 30. Kh2 Ba6 31. Kxh3 Bc7 32. Bd1 Kg7 33. Kg4 Kg6 34. f4 exf3 35. Bc2+ Kh6 36. Kxf3 Bc4 37. a3 Bb5 38. Kf4 Ba5 39. Bd1 Kg6 40. Bg4 Kf7 41. Bh5+ Kg7 42. Bd1 Bd2 43. g4 a5 44. Kf3 a4 45. Bb2 Kg6 46. Bc2+ Kg5 47. Bh7 Ba6 48. Bg8 Bc8 49. Bf7 Bd7 50. Bh5 Be1 51. Ke2 Ba5 52. Kf3 Be1 53. e4 Bd2 54. Ke2 Bf4 55. Kd3 Bg3 56. Bc1+ Kh4 57. Kd4 Bf2+ 58. Be3 Bg3 59. Bg1 Kg5 60. exd5 cxd5 61. Bf7 Kxg4 62. c6 Bc8 63. Bg6 Bh4 64. Be3 Be7 65. Bc1 Bd8 66. Kc5 Bc7 67. Bc2 Bxe5 68. Bxa4 Kf3 69. Bb5 Ke4 70. a4 Bc7 71. Bd2 d4 72. a5 e5 73. a6 Bxa6 74. Bxa6 Bb8 75. Kc4 Bc7 76. Bc8 Kf3 77. Kd3 Bb6 78. Bf5 Bc7 79. Be4+ Kf2 80. Bd5 Kf1 81. Bg5 Ke1 82. Bf6 Kf2 83. Ke4 1-0

[Event "22nd ETCC Women 2019"]
[Site "Batumi"]
[Date "2019.10.30"]
[Round "6.6"]
[White "Paulet, Iozefina"]
[Black "Pipia, Ekaterine"]
[Result "1-0"]
[ECO "B76"]
[WhiteElo "2288"]
[BlackElo "1935"]
[Annotator "NA"]
[PlyCount "139"]
[EventDate "2019.10.24"]
[EventType "team-tourn"]
[EventCountry "GEO"]
[SourceTitle "playchess.com"]
[Source "ChessBase"]
[SourceQuality "1"]
[WhiteTeam "Netherlands"]
[BlackTeam "Georgia"]
[WhiteTeamCountry "NED"]
[BlackTeamCountry "GEO"]
[TimeControl "40/5400+30:1800+30"]

1. e4 c5 2. Nf3 d6 3. d4 cxd4 4. Nxd4 Nf6 5. Nc3 g6 6. Be3 Bg7 7. f3 O-O 8. Qd2 Nc6 9. O-O-O d5 10. Nxc6 bxc6 11. Bh6 Be6 12. e5 Nd7 13. h4 d4 14. Ne4 Rb8 15. h5 Qb6 16. b3 Qb4 17. Bxg7 Qxd2+ 18. Rxd2 Kxg7 19. Rxd4 Nxe5 20. Nc5 Bf5 21. Ra4 Ra8 22. Ba6 Rad8 23. h6+ Kg8 24. Rd1 Rxd1+ 25. Kxd1 Rd8+ 26. Kc1 Rd5 27. Rb4 f6 28. Na4 Ra5 29. Be2 g5 30. Rb7 Kf7 31. Nc3 Rc5 32. Kb2 a5 33. a3 Be6 34. g3 Ng6 35. Rc7 Ne5 36. b4 axb4 37. axb4 Nc4+ 38. Kc1 Re5 39. Bxc4 Bxc4 40. Rxc6 Be6 41. Kd2 Bh3 42. Ne2 Rb5 43. c3 e5 44. Ke3 Bd7 45. Rc7 Ke6 46. Nc1 Kd6 47. Ra7 f5 48. Nd3 f4+ 49. gxf4 exf4+ 50. Ke2 Bf5 51. Ra5 Rxa5 52. bxa5 Kc6 53. Ne5+ Kb5 54. Nf7 Kxa5 55. Nxg5 Kb5 56. Ne4 Kc6 57. c4 Kd7 58. Kd3 Ke6 59. Kd4 Bg6 60. c5 Bh5 61. c6 Be8 62. Kc5 Ke5 63. c7 Bd7 64. Ng5 Kf6 65. Nxh7+ Kf7 66. Ng5+ Kg6 67. h7 Kg7 68. Kd6 Bc8 69. Ke7 Bb7 70. Kd8 1-0

[Event "22nd ETCC Women 2019"]
[Site "Batumi"]
[Date "2019.10.30"]
[Round "6.7"]
[White "Velikic, Adela"]
[Black "Arabidze, Meri"]
[Result "0-1"]
[ECO "D35"]
[WhiteElo "2275"]
[BlackElo "2398"]
[Annotator "NA"]
[PlyCount "154"]
[EventDate "2019.10.24"]
[EventType "team-tourn"]
[EventCountry "GEO"]
[SourceTitle "playchess.com"]
[Source "ChessBase"]
[SourceQuality "1"]
[WhiteTeam "Serbia"]
[BlackTeam "Georgia"]
[WhiteTeamCountry "SRB"]
[BlackTeamCountry "GEO"]
[TimeControl "40/5400+30:1800+30"]

1. d4 d5 2. c4 e6 3. Nc3 Nf6 4. cxd5 exd5 5. Bg5 c6 6. e3 Nbd7 7. Bd3 Be7 8. Qc2 O-O 9. Nf3 Re8 10. O-O Nf8 11. h3 g6 12. Bh6 Ne6 13. Ne5 Ng7 14. g4 Nd7 15. f4 Bf8 16. Qf2 Ne6 17. Nxf7 Kxf7 18. f5 Bxh6 19. fxg6+ Ke7 20. Qh4+ Nf6 21. Qxh6 hxg6 22. Qxg6 Rf8 23. g5 Ne8 24. Qh7+ Kd6 25. h4 Bd7 26. Rxf8 Nxf8 27. Qh6+ Ne6 28. Rf1 Qe7 29. e4 dxe4 30. Nxe4+ Kc7 31. g6 Nd6 32. Nc5 Nxd4 33. Qf4 Ne6 34. Nxe6+ Qxe6 35. h5 Qd5 36. Be2 Re8 37. Bf3 Qc5+ 38. Kh1 Re5 39. g7 Rxh5+ 40. Bxh5 Qxh5+ 41. Qh2 Qd5+ 42. Qg2 Be6 43. Qxd5 Bxd5+ 44. Kh2 Bxa2 45. Kg3 Ne8 46. Re1 Nf6 47. Kh4 Bd5 48. Kg5 Ng8 49. Re8 Kd7 50. Rb8 c5 51. Kf5 Kc7 52. Ra8 a6 53. Ke5 Bb3 54. Rf8 a5 55. Kf5 a4 56. Ra8 b5 57. Kg6 Kd7 58. Kh7 Nf6+ 59. Kg6 Ng8 60. Kh7 Ne7 61. Ra7+ Kd6 62. Ra6+ Ke5 63. Ra7 Kd6 64. Ra6+ Ke5 65. Ra7 Kf6 66. Rb7 Bc4 67. Rc7 b4 68. Rxc5 Bg8+ 69. Kh8 a3 70. bxa3 bxa3 71. Ra5 a2 72. Ra6+ Ke5 73. Ra7 Kd6 74. Ra6+ Ke5 75. Ra5+ Kf6 76. Ra6+ Kf7 77. Ra7 a1=Q 0-1

[Event "22nd ETCC Women 2019"]
[Site "Batumi"]
[Date "2019.10.30"]
[Round "6.7"]
[White "Esadze, Tamari"]
[Black "Lanchava, Tea"]
[Result "1-0"]
[ECO "B08"]
[WhiteElo "1885"]
[BlackElo "2236"]
[Annotator "NA"]
[PlyCount "79"]
[EventDate "2019.10.24"]
[EventType "team-tourn"]
[EventCountry "GEO"]
[SourceTitle "playchess.com"]
[Source "ChessBase"]
[SourceQuality "1"]
[WhiteTeam "Georgia"]
[BlackTeam "Netherlands"]
[WhiteTeamCountry "GEO"]
[BlackTeamCountry "NED"]
[TimeControl "40/5400+30:1800+30"]

1. e4 g6 2. d4 Bg7 3. Nc3 d6 4. Nf3 Nf6 5. Be2 O-O 6. O-O c6 7. a4 Qc7 8. h3 e5 9. Be3 Nbd7 10. dxe5 dxe5 11. Bc4 h6 12. a5 Rd8 13. Qc1 g5 14. Rd1 Re8 15. h4 b5 16. hxg5 hxg5 17. Bb3 g4 18. Bh6 Nh7 19. Bxg7 Kxg7 20. Ng5 Re7 21. Nxh7 Kxh7 22. Qg5 Nf8 23. g3 Ng6 24. Kg2 Kg7 25. Rh1 Bd7 26. Qh6+ Kf6 27. Rh5 Rg8 28. Rah1 b4 29. Nd1 Be6 30. Ne3 Bxb3 31. Qg5+ Kg7 32. Nf5+ Kf8 33. Qh6+ Ke8 34. Nxe7 Kxe7 35. cxb3 Qxa5 36. Rd1 Qc7 37. Qg5+ Ke8 38. Qf6 c5 39. Rh7 Rf8 40. Qxg6 1-0

[Event "22nd ETCC Women 2019"]
[Site "Batumi"]
[Date "2019.10.30"]
[Round "6.8"]
[White "Melia, Salome"]
[Black "Gajcin, Marina"]
[Result "1-0"]
[ECO "B31"]
[WhiteElo "2380"]
[BlackElo "2262"]
[Annotator "NA"]
[PlyCount "83"]
[EventDate "2019.10.24"]
[EventType "team-tourn"]
[EventCountry "GEO"]
[SourceTitle "playchess.com"]
[Source "ChessBase"]
[SourceQuality "1"]
[WhiteTeam "Georgia"]
[BlackTeam "Serbia"]
[WhiteTeamCountry "GEO"]
[BlackTeamCountry "SRB"]
[TimeControl "40/5400+30:1800+30"]

1. e4 c5 2. Nf3 Nc6 3. Bb5 g6 4. Bxc6 dxc6 5. d3 Bg7 6. Nbd2 Nf6 7. a4 O-O 8. a5 Ne8 9. h3 Nc7 10. O-O Ne6 11. Nb3 Qd6 12. Nfd2 f5 13. exf5 Rxf5 14. Ne4 Qc7 15. Ng3 Rf7 16. c3 Rb8 17. Ra4 Be5 18. Re4 Bd6 19. Ree1 b6 20. axb6 axb6 21. Ne4 Be5 22. Nbd2 Nf4 23. Nf3 Bg7 24. Neg5 Rf5 25. Bxf4 Qxf4 26. Qb3+ c4 27. Qxc4+ Qxc4 28. dxc4 Ba6 29. Re4 Rc5 30. Ra1 Bxc4 31. b4 Rxg5 32. Nxg5 Bd5 33. Re3 Rf8 34. Ra7 h6 35. Ne6 Bxe6 36. Rxe6 Bxc3 37. Raxe7 Rf6 38. Rxf6 Bxf6 39. Re6 Kf7 40. Rxc6 Bd8 41. b5 h5 42. Kf1 1-0

[Event "22nd ETCC Women 2019"]
[Site "Batumi"]
[Date "2019.10.30"]
[Round "6.8"]
[White "Ratsma, Rosa"]
[Black "Donghvani, Nia"]
[Result "1-0"]
[ECO "B72"]
[WhiteElo "2283"]
[BlackElo "1903"]
[Annotator "NA"]
[PlyCount "67"]
[EventDate "2019.10.24"]
[EventType "team-tourn"]
[EventCountry "GEO"]
[SourceTitle "playchess.com"]
[Source "ChessBase"]
[SourceQuality "1"]
[WhiteTeam "Netherlands"]
[BlackTeam "Georgia"]
[WhiteTeamCountry "NED"]
[BlackTeamCountry "GEO"]
[TimeControl "40/5400+30:1800+30"]

1. e4 c5 2. Nf3 d6 3. d4 cxd4 4. Nxd4 Nf6 5. Nc3 g6 6. Be3 Bg7 7. Be2 O-O 8. Qd2 Nc6 9. O-O-O Ng4 10. Bxg4 Bxg4 11. f3 Bd7 12. h4 Ne5 13. b3 Rc8 14. Kb1 f6 15. Nce2 Qe8 16. h5 a5 17. hxg6 hxg6 18. Bh6 Nf7 19. Bxg7 Kxg7 20. Nc3 e5 21. Nde2 a4 22. Nd5 axb3 23. Rh7+ Kxh7 24. Nxf6+ Kg7 25. Nxe8+ Rfxe8 26. axb3 Rc6 27. Nc3 Rh8 28. Nd5 Rh2 29. Qf2 Rh6 30. f4 Bg4 31. Rf1 exf4 32. Qxf4 Ne5 33. Qf8+ Kh7 34. Nf6# 1-0

[Event "22nd ETCC Women 2019"]
[Site "Batumi"]
[Date "2019.10.30"]
[Round "6.9"]
[White "Cramling, Pia"]
[Black "Houska, Jovanka"]
[Result "1-0"]
[ECO "D31"]
[WhiteElo "2462"]
[BlackElo "2430"]
[Annotator "ChessBase"]
[PlyCount "79"]
[EventDate "2019.10.24"]
[EventType "team-tourn"]
[EventCountry "GEO"]
[SourceTitle "playchess.com"]
[Source "ChessBase"]
[SourceQuality "1"]
[WhiteTeam "Sweden"]
[BlackTeam "England"]
[WhiteTeamCountry "SWE"]
[BlackTeamCountry "ENG"]
[TimeControl "40/5400+30:1800+30"]

1. c4 e6 2. Nc3 d5 3. d4 Be7 4. cxd5 exd5 5. Bf4 c6 6. e3 Bf5 7. Nge2 Nd7 8. f3 Ngf6 9. g4 Be6 10. Bg3 Nf8 11. Nf4 Bd6 12. Bd3 g5 13. Nxe6 Nxe6 14. Qe2 h5 15. O-O-O h4 16. Bxd6 Qxd6 17. Bf5 O-O-O 18. e4 Qf4+ 19. Kb1 Kb8 20. Rhf1 Ng7 21. Qc2 Nxf5 22. gxf5 Qc7 23. e5 Nh5 24. f6 Nf4 25. Ne2 Ne6 26. f4 c5 27. f5 Nxd4 28. Nxd4 cxd4 29. Qxc7+ Kxc7 30. Rxd4 h3 31. Kc2 Rde8 32. Re1 Rh6 33. Kd2 g4 34. Rxg4 Rh5 35. Rg7 Rxf5 36. Rxf7+ Kc6 37. e6 Rf2+ 38. Kd3 Rxh2 39. Rh7 Kd6 40. f7 1-0

[Event "22nd ETCC Women 2019"]
[Site "Batumi"]
[Date "2019.10.30"]
[Round "6.9"]
[White "Batsiashvili, Nino"]
[Black "Socko, Monika"]
[Result "1-0"]
[ECO "A13"]
[WhiteElo "2422"]
[BlackElo "2417"]
[Annotator "NA"]
[PlyCount "81"]
[EventDate "2019.10.24"]
[EventType "team-tourn"]
[EventCountry "GEO"]
[SourceTitle "playchess.com"]
[Source "ChessBase"]
[SourceQuality "1"]
[WhiteTeam "Georgia"]
[BlackTeam "Poland"]
[WhiteTeamCountry "GEO"]
[BlackTeamCountry "POL"]
[TimeControl "40/5400+30:1800+30"]

1. Nf3 Nf6 2. c4 e6 3. g3 d5 4. Bg2 dxc4 5. O-O Nbd7 6. Qc2 a6 7. a4 c5 8. a5 Be7 9. Qxc4 O-O 10. d3 b5 11. axb6 Nxb6 12. Qc2 Bb7 13. Bd2 Nbd5 14. Ba5 Qb8 15. Na3 Nb4 16. Qc1 e5 17. Nc4 e4 18. dxe4 Bxe4 19. Nh4 Bxg2 20. Kxg2 Qb7+ 21. Kg1 Qe4 22. Qf4 Qxf4 23. gxf4 Nfd5 24. Nf5 Rfe8 25. e3 Bf8 26. Rfd1 g6 27. Ng3 h5 28. Rd2 Nf6 29. f3 Ra7 30. Rad1 Kg7 31. Ne2 Rb7 32. Nc3 Nc6 33. Bb6 Nb8 34. Na4 Rc8 35. Ba5 Rd7 36. Bc3 Rxd2 37. Rxd2 Be7 38. Nab6 Rc6 39. Nd5 Bd8 40. Nxf6 Bxf6 41. Rd8 1-0

[Event "22nd ETCC Women 2019"]
[Site "Batumi"]
[Date "2019.10.30"]
[Round "6.10"]
[White "Zawadzka, Jolanta"]
[Black "Khomeriki, Nino"]
[Result "1-0"]
[ECO "C90"]
[WhiteElo "2406"]
[BlackElo "2315"]
[Annotator "NA"]
[PlyCount "131"]
[EventDate "2019.10.24"]
[EventType "team-tourn"]
[EventCountry "GEO"]
[SourceTitle "playchess.com"]
[Source "ChessBase"]
[SourceQuality "1"]
[WhiteTeam "Poland"]
[BlackTeam "Georgia"]
[WhiteTeamCountry "POL"]
[BlackTeamCountry "GEO"]
[TimeControl "40/5400+30:1800+30"]

1. e4 e5 2. Nf3 Nc6 3. Bb5 a6 4. Ba4 Nf6 5. d3 b5 6. Bb3 Be7 7. O-O d6 8. c3 O-O 9. Re1 Na5 10. Bc2 c5 11. Nbd2 Nc6 12. Nf1 h6 13. Ng3 Be6 14. h3 Qc7 15. Bb3 Bxb3 16. axb3 Rfe8 17. Nf5 Bf8 18. Nh2 Ne7 19. Ne3 d5 20. exd5 Nfxd5 21. Qf3 Nf4 22. Neg4 Nfg6 23. Nf1 f5 24. Ngh2 Qd7 25. g4 f4 26. Qe4 Qd5 27. Qxd5+ Nxd5 28. Nf3 Nf6 29. N1d2 Rad8 30. Rxa6 Rxd3 31. g5 hxg5 32. Nxg5 Nh4 33. Kf1 Nf5 34. Kg2 Nd6 35. Nde4 Ndxe4 36. Nxe4 Nxe4 37. Rxe4 g5 38. Rg6+ Kf7 39. Rxg5 Bh6 40. Bxf4 Bxg5 41. Bxg5 Ke6 42. Be3 Rg8+ 43. Kf3 Rd7 44. Rh4 Rc7 45. Ke4 Rg6 46. Rh5 Kd6 47. f4 Rf7 48. Rxe5 Re6 49. Bxc5+ Kd7 50. Kd5 Rh6 51. Be3 b4 52. Kc5 bxc3 53. bxc3 Rxh3 54. b4 Kc7 55. c4 Rh2 56. b5 Rb2 57. Bd4 Rb1 58. Re6 Kb7 59. Rb6+ Kc8 60. Be5 Ra7 61. Rh6 Rf7 62. Kc6 Rf8 63. b6 Rb4 64. c5 Rd8 65. Rh7 Re8 66. Rc7+ 1-0

[Event "22nd ETCC Women 2019"]
[Site "Batumi"]
[Date "2019.10.30"]
[Round "6.10"]
[White "Toma, Katarzyna"]
[Black "Frisk, Ellinor"]
[Result "1-0"]
[ECO "B35"]
[WhiteElo "2272"]
[BlackElo "2227"]
[Annotator "NA"]
[PlyCount "93"]
[EventDate "2019.10.24"]
[EventType "team-tourn"]
[EventCountry "GEO"]
[SourceTitle "playchess.com"]
[Source "ChessBase"]
[SourceQuality "1"]
[WhiteTeam "England"]
[BlackTeam "Sweden"]
[WhiteTeamCountry "ENG"]
[BlackTeamCountry "SWE"]
[TimeControl "40/5400+30:1800+30"]

1. e4 c5 2. Nf3 g6 3. d4 cxd4 4. Nxd4 Bg7 5. Be3 Nc6 6. Nc3 Nf6 7. Bc4 O-O 8. Bb3 a5 9. O-O a4 10. Nxa4 Nxe4 11. Nb5 d5 12. Bb6 Qd7 13. Qe2 e6 14. Rad1 Na5 15. Be3 Qc6 16. Nb6 Ra6 17. Nxd5 exd5 18. Bxd5 Qe8 19. Nc7 Qa4 20. Nxa6 bxa6 21. Bb6 Nd6 22. Qe7 Nab7 23. b3 Qb5 24. Qc7 Bf6 25. c4 Qb4 26. Bxb7 Nxb7 27. Qc6 Bg7 28. h3 Qa3 29. Rd2 h5 30. c5 Qb4 31. Rfd1 Be5 32. Qd5 Qf4 33. g3 Qf6 34. Re2 Bb8 35. Kg2 h4 36. Rde1 hxg3 37. fxg3 Kg7 38. c6 Rh8 39. Bd4 Bxh3+ 40. Kg1 Ba7 41. Bxa7 Be6 42. Rxe6 fxe6 43. Qd7+ Kg8 44. cxb7 Rh1+ 45. Kxh1 Qf3+ 46. Kh2 Qh5+ 47. Kg1 1-0

[Event "22nd ETCC Women 2019"]
[Site "Batumi"]
[Date "2019.10.30"]
[Round "6.11"]
[White "Khukhashvili, Sopiko"]
[Black "Cyfka, Karina"]
[Result "0-1"]
[ECO "E19"]
[WhiteElo "2341"]
[BlackElo "2412"]
[Annotator "NA"]
[PlyCount "106"]
[EventDate "2019.10.24"]
[EventType "team-tourn"]
[EventCountry "GEO"]
[SourceTitle "playchess.com"]
[Source "ChessBase"]
[SourceQuality "1"]
[WhiteTeam "Georgia"]
[BlackTeam "Poland"]
[WhiteTeamCountry "GEO"]
[BlackTeamCountry "POL"]
[TimeControl "40/5400+30:1800+30"]

1. Nf3 Nf6 2. c4 e6 3. g3 a6 4. Bg2 b5 5. b3 Bb7 6. Nc3 b4 7. Na4 Be7 8. O-O O-O 9. d4 d6 10. Be3 Nbd7 11. c5 Nd5 12. Qc1 Nxe3 13. Qxe3 Nf6 14. Rac1 a5 15. Ne1 Bxg2 16. Nxg2 dxc5 17. dxc5 Nd5 18. Qf3 Bf6 19. Rfd1 Qe7 20. e4 Nc3 21. Nxc3 Bxc3 22. Nf4 Rad8 23. Rxd8 Rxd8 24. Rd1 Bd4 25. Nd3 e5 26. Rc1 Bc3 27. Kg2 g6 28. Rc2 Kg7 29. Re2 Bd4 30. Rc2 Bc3 31. Re2 a4 32. bxa4 Qd7 33. Nb2 Qd4 34. g4 Bxb2 35. g5 Bc3 36. Re3 Qd7 37. a3 Bd4 38. Rd3 bxa3 39. Rxa3 Bxc5 40. Rb3 Qe6 41. Rb2 Ra8 42. Qd1 Bd4 43. Rb5 f6 44. Qc2 Rf8 45. f3 fxg5 46. h3 c5 47. a5 c4 48. a6 Rxf3 49. Rb7+ Kh6 50. Kxf3 Qxh3+ 51. Ke2 Qg2+ 52. Kd1 Qf1+ 53. Kd2 c3+ 0-1